 Dungeon Crawl Stone Soup version 0.19.5 (webtiles) character file.

1596 kae the Carver (level 8, -3/75 HPs)
             Began as a Minotaur Fighter on May 2, 2017.
             Was a Follower of Qazlal.
             Slain by an orc warrior
             ... wielding a +0 flail
              (16 damage)
             ... on level 6 of the Dungeon.
             The game lasted 00:04:58 (4282 turns).

kae the Carver (Minotaur Fighter)                   Turns: 4282, Time: 00:04:59

Health: -3/75      AC: 13    Str: 19 (20) XL:     8   Next: 62%
Magic:  9/9        EV:  8    Int:  4 (7)  God:    Qazlal [*.....]
Gold:   290        SH: 10    Dex:  8 (11) Spells: 0 memorised, 7 levels left

rFire  . . .     SeeInvis .     a - +0 long sword
rCold  + . .     Gourm    .     b - +1 scale mail
rNeg   . . .     Faith    .     c - +0 shield
rPois  .         Spirit   .     (helmet restricted)
rElec  .         Reflect  .     (no cloak)
rCorr  .         Harm     .     o - +2 pair of gloves
MR     .....                    (no boots)
Stlth  ..........               (no amulet)
                                (no ring)
                                (no ring)

@: flying
A: retaliatory headbutt, horns 2, rugged brown scales 1, cold resistance 1,
sturdy frame 1
a: Renounce Religion


You were on level 6 of the Dungeon.
You worshipped Qazlal.
Qazlal was aware of your devotion.
You were not hungry.

You visited 1 branch of the dungeon, and saw 6 of its levels.

You collected 290 gold pieces.

Inventory:

Hand Weapons
 a - a +0 long sword (weapon)
Armour
 b - a +1 scale mail (worn)
 c - a +0 shield (worn)
 o - a +2 pair of gloves (worn)
Wands
 q - a wand of disintegration (12/24)
 t - a wand of iceblast (12/15)
 u - a wand of flame (38/48)
 x - a wand of lightning (3/15)
Scrolls
 j - 2 scrolls of remove curse
 k - 3 scrolls of teleportation
 m - a scroll of noise
 w - a scroll of fog {unknown}
 A - 2 scrolls of identify
 B - a scroll of magic mapping {unknown}
 D - a scroll of recharging
Potions
 d - a potion of might
 e - a potion of haste
 h - a potion of invisibility
 v - a potion of agility
 z - a potion of cure mutation
Books
 y - a book of Flames

   Spells                             Type                      Level
   a - Flame Tongue                   Conjuration/Fire             1
   b - Throw Flame                    Conjuration/Fire             2
   c - Conjure Flame                  Conjuration/Fire             3
   d - Inner Flame                    Hexes/Fire                   3
   e - Sticky Flame                   Conjuration/Fire             4
   f - Fireball                       Conjuration/Fire             5
Comestibles
 f - 6 bread rations
 g - 6 meat rations
 r - 3 fruits
 s - 4 beef jerkies
 E - a slice of pizza


   Skills:
 + Level 7.1 Fighting
 * Level 9.2 Long Blades
 + Level 7.0 Armour
 - Level 3.6 Shields
 + Level 3.2 Invocations


You had 7 spell levels left.
You didn't know any spells.

Dungeon Overview and Level Annotations

Branches:
Dungeon (6/15)             Temple (0/1) D:5

Altars:
Gozag
Nemelex Xobeh
Qazlal
Zin


Innate Abilities, Weirdness & Mutations

You reflexively headbutt those who attack you in melee.
You have a pair of horns on your head.
You are partially covered in rugged brown scales. (AC +1, +3% HP)
Your flesh is cold resistant. (rC+)
Your movements are slightly less encumbered by armour. (ER -2)


Message History

You feel better. You block the orc warrior's attack.
It was a potion of mutation.
You feel extremely strange.
You feel resistant to cold.
You feel less encumbered by your armour.
Rugged brown scales grow over part of your body.
You block the orc warrior's attack.
It was a potion of magic.
Magic courses through your body. The orc warrior barely misses you.
You furiously retaliate!
You headbutt the orc warrior, but do no damage.
It was a potion of degeneration.
There was something very wrong with that liquid.
You feel weakened.
You feel dopey.
You feel clumsy. You block the orc warrior's attack.
It was a potion of flight.
You feel very buoyant.
You fly up into the air.
You hit the orc warrior but do no damage.
The orc warrior is almost dead.
The orc warrior hits you with a flail!
You die...

#......# #.###(......###
#.####.# #.#............
#.####.##########.#.#..>....###
###..........o..†.............#
#
....####........o.....#.......#
#
###...........##o##.#####..####
# #..###..###.##o##.# #..# #
#..# #..# #.##o##.# #..# #
###..###))###.##@##.# #..# #
...........##.##.##.# ##.# #
####.###...##.#..##.# #.######
#.###...##.#.###.# #.......
#......)...#.###.######.####..
######.†####..##<........# #..
#..# ##.#.#..#####.(# #..
#..###.###...# #..# #..
#.......#...## ###..###..


You could see an orc warrior and 3 orcs.

Vanquished Creatures
  An orc warrior (D:6)
  A sky beast (D:6)
  A phantom (D:5)
  3 ogres
  A centaur (D:5)
  A bullfrog (D:6)
  2 howler monkeys
  A centaur zombie (D:5)
  2 crimson imps (D:5)
  3 bullfrog skeletons (D:6)
  2 hounds
  4 orc wizards
  An iguana (D:6)
  Ijyb (D:3)
  Natasha (thrice) (D:4)
  4 worker ants
  10 gnolls
  4 adders
  A shadow imp (D:5)
  2 oozes
  3 worms
  A dart slug (D:1)
  19 orcs
  7 bats
  2 giant cockroaches
  8 hobgoblins
  13 jackals
  6 kobolds
  2 ball pythons
  6 frilled lizards
  A giant cockroach zombie (D:5)
  12 goblins
  5 rats
133 creatures vanquished.

Notes
Turn   | Place    | Note
-------+----------+-------------------------------------------
     0 | D:1      | kae the Minotaur Fighter began the quest for the Orb.
     0 | D:1      | Reached XP level 1. HP: 19/19 MP: 0/0
    63 | D:1      | Reached XP level 2. HP: 24/27 MP: 1/1
   126 | D:1      | Reached skill level 3 in Long Blades
   229 | D:1      | Reached XP level 3. HP: 33/33 MP: 2/2
   931 | D:2      | Found an opulent altar of Gozag.
   947 | D:2      | Reached skill level 4 in Long Blades
   950 | D:2      | Reached XP level 4. HP: 40/40 MP: 3/3
  1708 | D:3      | Reached XP level 5. HP: 47/47 MP: 4/4
  1797 | D:3      | Reached skill level 5 in Long Blades
  1970 | D:3      | Found a glowing silver altar of Zin.
  2009 | D:3      | Noticed Ijyb
  2020 | D:3      | Killed Ijyb
  2291 | D:3      | Reached skill level 5 in Fighting
  2352 | D:4      | Reached skill level 5 in Armour
  2357 | D:4      | Reached XP level 6. HP: 41/56 MP: 5/5
  2566 | D:4      | Noticed Natasha
  2569 | D:4      | Killed Natasha
  2569 | D:4      | Reached skill level 6 in Long Blades
  2801 | D:4      | Noticed Natasha
  2809 | D:4      | Killed Natasha
  2998 | D:4      | Noticed Natasha
  3003 | D:4      | Killed Natasha
  3028 | D:4      | Reached XP level 7. HP: 57/62 MP: 6/6
  3100 | D:5      | Entered Level 5 of the Dungeon
  3190 | D:5      | Found a stormy altar of Qazlal.
  3215 | D:5      | Reached skill level 7 in Long Blades
  3250 | D:5      | Became a worshipper of Qazlal Stormbringer
  3470 | D:5      | Found a staircase to the Ecumenical Temple.
  3485 | D:5      | Reached skill level 1 in Invocations
  3554 | D:5      | Reached skill level 8 in Long Blades
  3554 | D:5      | Reached XP level 8. HP: 57/71 MP: 8/8
  3778 | D:5      | Found a sparkling altar of Nemelex Xobeh.
  4058 | D:6      | Reached * piety under Qazlal
  4075 | D:6      | Reached skill level 9 in Long Blades
  4274 | D:6      | HP: 1/73 [orc warrior/flail (5)]
  4278 | D:6      | Gained mutation: Your flesh is cold resistant. (rC+) [potion of mutation]
  4278 | D:6      | Gained mutation: Your movements are slightly less encumbered by armour. (ER -2) [potion of mutation]
  4278 | D:6      | Gained mutation: You are partially covered in rugged brown scales. (AC +1, +3% HP) [potion of mutation]
  4282 | D:6      | Slain by an orc warrior

Skill      XL: |  1  2  3  4  5  6  7  8 |
---------------+-------------------------+-----
Fighting       | 4 5 6 7 |  7.1
Long Blades    | 3 4 5 6 8 9 |  9.2
Armour         | 4 5 6 7 |  7.0
Invocations    | 1 3 |  3.2
Shields        | |  3.6

Action                   |  1- 3 |  4- 6 |  7- 9 || total
-------------------------+-------+-------+-------++-------
Melee: Long sword        |    77 |   160 |   131 ||   368
       Headbutt          |    12 |    26 |    25 ||    63
Evoke: Wand              |       |       |     2 ||     2
  Use: Scroll            |       |     1 |    12 ||    13
       Potion            |       |       |     7 ||     7
  Eat: Chunk             |       |     6 |     5 ||    11
Armor: Scale mail        |    46 |    64 |    43 ||   153
Dodge: Dodged            |    33 |    36 |    33 ||   102
Block: Shield            |    35 |    76 |    56 ||   167
       Rpst.: Long sword |    10 |    12 |    10 ||    32
